 Dungeon Crawl Stone Soup version 0.29.0-11-gd7f09526c8 (webtiles) character file.

Game seed: 6486152332953350472

791 splatterpode the Insei (level 7, 0/45 HPs)
             Began as an Octopode Transmuter on Sept 3, 2022.
             Was a Follower of Cheibriados.
             Slain by an ice beast (11 damage)
             ... on level 6 of the Dungeon.
             The game lasted 00:12:58 (5898 turns).

splatterpode the Insei (Octopode Transmuter)        Turns: 5898, Time: 00:12:59

Health: 0/45       AC:  1    Str: 12    XL:     7   Next: 88%
Magic:  8/10       EV: 14    Int: 17    God:    Cheibriados [*.....]
Gold:   402        SH:  0    Dex: 16    Spells: 3/10 levels left

rFire   . . .      SeeInvis .     - Unarmed
rCold   . . .      Faith    .   (no shield)
rNeg    . . .      Spirit   .   (helmet currently unavailable)
rPois   .          Reflect  .   (no amulet)
rElec   .          Harm     .   j - ring of wizardry
rCorr   .          Rampage  .   (no ring)
Will    .....                   (no ring)
Stlth   ++........              (no ring)
HPRegen 0.15/turn               (no ring)
MPRegen 0.12/turn               (no ring)
                                (no ring)
                                (no ring)

@: appendages (expiring), wereblooded, very slow
A: tentacle spike 3, almost no armour, amphibious, 8 rings, camouflage 1,
gelatinous body 1, (nimble swimmer 1), tentacles
a: End Transformation, Renounce Religion, Bend Time


You were on level 6 of the Dungeon.
You worshipped Cheibriados.
Cheibriados was aware of your devotion.
One of your tentacles had grown a beastly spike.
You visited 2 branches of the dungeon, and saw 7 of its levels.

You collected 402 gold pieces.

Inventory:

Missiles
 i - a throwing net
Armour
 q - a +3 kite shield
Jewellery
 j - a ring of wizardry (left tentacle)
Scrolls
 b - a scroll of fear {unknown}
 c - 3 scrolls of teleportation
 g - 3 scrolls of immolation
 h - a scroll of torment {unknown}
 k - 3 scrolls of enchant armour
 m - a scroll of vulnerability {unknown}
 n - 2 scrolls of amnesia
 p - a scroll of magic mapping {unknown}
 t - a scroll of enchant weapon {unknown}
Potions
 a - a potion of lignification
 d - 4 potions of curing
 e - a potion of might
 l - a potion of invisibility
 o - a potion of berserk rage {unknown}
 r - a potion of attraction {unknown}
 s - a potion of flight


   Skills:
 + Level 2.9 Fighting
 + Level 3.3 Dodging
 * Level 7.6 Unarmed Combat
 - Level 2.0 Spellcasting
 + Level 3.3 Transmutations


You had 3 spell levels left.
You knew the following spells:

 Your Spells              Type           Power      Damage    Failure   Level
a - Beastly Appendage     Tmut           26%        N/A       1%          1
i - Ice Form              Ice/Tmut       7%         N/A       34%         4
w - Wereblood             Tmut           13%        N/A       3%          2

Your spell library contained the following spells:

 Spells                   Type           Power      Damage    Failure   Level
 Spider Form              Tmut/Pois      7%         N/A       12%         3
 Confusing Touch          Hex            1%         N/A       22%         3
 Frozen Ramparts          Ice            2%         1d1       22%         3
 Summon Ice Beast         Ice/Summ       1%         N/A       56%         4
 Yara's Violent Unravell  Hex/Tmut       3%         3d4       69%         5
 Enfeeble                 Hex            0%         N/A       100%        7


Dungeon Overview and Level Annotations

Branches:
Dungeon (6/15)             Temple (1/1) D:5

Altars:
Ashenzari
Cheibriados
Dithmenos
Hepliaklqana
Ru
Vehumet
Zin
The Shining One

Annotations:
D:4 exclusion: 2 ogres


Innate Abilities, Weirdness & Mutations

One of your tentacles has grown a beastly spike.
You cannot wear most types of armour.
You are amphibious.
You can wear up to eight rings at the same time.
Your skin changes colour to match your surroundings (Stealth+).
Your rubbery body absorbs attacks. (AC +1, EV +1)
((You are camouflaged when in or above water. (Stealth+)))
You have tentacles for arms and can constrict up to eight enemies at once.


Message History

The gnoll barely misses you. The ice beast hits you. The ice beast freezes you!
You tentacle-slap the gnoll but do no damage.
Your grab misses the gnoll.
You pierce the gnoll.
You feel a bit better.
You kill the gnoll!
Cheibriados appreciates the change of pace.
You can now bend time to slow others.
Cheibriados raises the support of your attributes as your movement slows.
The gnoll hits you with a +0 whip! The ice beast closely misses you.
You tentacle-slap the gnoll. You grab the gnoll.
The gnoll is lightly wounded.
You constrict the gnoll. The gnoll hits you with a +0 whip.
The gnoll closely misses you. The ice beast closely misses you.
You tentacle-slap the gnoll but do no damage.
You pierce the gnoll.
You squeeze the gnoll!
You feel a bit better.
You kill the gnoll!
Cheibriados thoroughly appreciates the change of pace.
You closely miss the gnoll. You grab the gnoll.
You pierce the gnoll.
You squeeze the gnoll!
You feel a bit better.
You kill the gnoll!
Cheibriados appreciates the change of pace.
The ice beast hits you. The ice beast freezes you!
* * * LOW HITPOINT WARNING * * *
You tentacle-slap the ice beast.
You tentacle-slap the ice beast, but do no damage.
You squeeze the ice beast!
The ice beast is heavily wounded.
The ice beast barely misses you.
You tentacle-slap the ice beast but do no damage.
You pierce the ice beast, but do no damage.
Your squeeze misses the ice beast.
The ice beast is heavily wounded.
The ice beast misses you.
You bludgeon the ice beast!
Your tentacle spike misses the ice beast.
The ice beast is almost dead.
Your transformation is almost over.
The ice beast hits you.
* * * LOW HITPOINT WARNING * * *
The ice beast freezes you!
You die...

....g.#...#.#+#...
#....?........
#####.###......
#.......+......
#.###..##......
##.†.## +#### #
###..##.....
#.#######)).###
.........Y@..<#
............###
.............#
...........#.#
#+##########...
####


You could see an ice beast.

Vanquished Creatures
  A phantom (D:4)
  A kobold brigand (D:5)
  A gnoll sergeant (D:4)
  3 scorpions
  An iguana (D:4)
  3 orc wizards (D:5)
  13 adders
  7 gnolls
  A white imp (D:6)
  An ufetubus (D:5)
  3 worms
  4 dart slugs
  3 orcs (D:5)
  7 ball pythons
  3 bats (D:2)
  3 endoplasms
  3 giant cockroaches
  12 goblins
  4 hobgoblins
  9 jackals (D:4)
  4 quokkas
  3 frilled lizards
  14 kobolds
  4 rats
108 creatures vanquished.

Notes
Turn   | Place    | Note
-------+----------+-------------------------------------------
     0 | D:1      | splatterpode the Octopode Transmuter began the quest for
                  | the Orb.
     0 | D:1      | Reached XP level 1. HP: 13/13 MP: 3/3
   187 | D:1      | Reached XP level 2. HP: 18/18 MP: 5/5
   534 | D:1      | Found a faded altar of an unknown god.
  1088 | D:2      | Reached skill level 4 in Unarmed Combat
  1108 | D:2      | Reached XP level 3. HP: 12/23 MP: 6/6
  1410 | D:2      | Found a glowing silver altar of Zin.
  1561 | D:2      | Reached XP level 4. HP: 28/28 MP: 7/7
  1580 | D:2      | Learned a level 4 spell: Ice Form
  1591 | D:2      | Reached skill level 5 in Unarmed Combat
  2358 | D:3      | Reached XP level 5. HP: 33/33 MP: 8/8
  3042 | D:3      | Found a hazy altar of Hepliaklqana.
  3043 | D:3      | Found a shadowy altar of Dithmenos.
  3043 | D:3      | Noticed a shadow
  3157 | D:4      | Found a glowing golden altar of the Shining One.
  3252 | D:4      | Noticed an ogre
  3371 | D:4      | Found a radiant altar of Vehumet.
  3398 | D:4      | Reached skill level 6 in Unarmed Combat
  3589 | D:4      | Noticed a phantom
  3612 | D:4      | Killed a phantom
  3613 | D:4      | Reached XP level 6. HP: 17/38 MP: 9/9
  3873 | D:4      | Found a broken altar of Ashenzari.
  4190 | D:5      | Entered Level 5 of the Dungeon
  4212 | D:4      | Reached skill level 7 in Unarmed Combat
  4212 | D:4      | Reached XP level 7. HP: 9/45 MP: 8/10
  4704 | D:5      | Found a staircase to the Ecumenical Temple.
  4714 | Temple   | Entered the Ecumenical Temple
  4730 | Temple   | Became a worshipper of Cheibriados the Contemplative
  5397 | D:5      | Learned a level 2 spell: Wereblood
  5892 | D:6      | Reached * piety under Cheibriados
  5898 | D:6      | Slain by an ice beast

Illustrated notes

Levels and vault maps discovered:
D:1:      dpeg_arrival_windows_large_door, layout_loops_ring,
          dreamdust_ecumenical_altar_hidden_monk_grotto, minmay_bisected
D:2:      layout_basic, basic_altar, serial_glass, glass_columns_a,
          glass_columns_b, glass_columns_b, glass_columns_a, glass_columns_c,
          glass_columns_a, glass_columns_a, glass_columns_a,
          minmay_misc_feat_chi
D:3:      layout_rooms, riverfiend_overflow_shadow_ancestor, st_stairs_4
D:4:      minmay_angry_zag, layout_gridville, mainiacjoe_overflow_paths,
          mainiacjoe_overflow_large_starburst
D:5:      layout_loops_ring, minmay_temple_entry_antechambers
D:6:      layout_basic, nicolae_overflow_squiral, uniq_sigmund,
          uniq_crazy_yiuf_cottage
Temple:   oiseaux_autumnal_temple

Skill      XL: |  1  2  3  4  5  6  7 |
---------------+----------------------+-----
Unarmed Combat | 4 5 6 7 |  7.6
Fighting       | 2 |  2.9
Dodging        | 3 |  3.3
Transmutations | 3 |  3.3
Spellcasting   | |  2.0

Action                   |  1- 3 |  4- 6 |  7- 9 || total
-------------------------+-------+-------+-------++-------
Melee: Unarmed           |    61 |   114 |    61 ||   236
       Tentacles         |    12 |    20 |    12 ||    44
       Constrict         |    16 |    31 |    21 ||    68
       Punch             |     2 |     2 |     6 ||    10
       Kick              |       |    27 |    25 ||    52
 Cast: Beastly Appendage |       |    27 |    12 ||    39
       Wereblood         |       |       |     1 ||     1
  Use: Scroll            |     3 |     1 |     3 ||     7
       Potion            |     2 |       |       ||     2
 Stab: Distracted        |     1 |       |       ||     1
       Sleeping          |     2 |     6 |     1 ||     9
Armor: Skin              |     3 |     7 |     1 ||    11
Dodge: Dodged            |    29 |    51 |    44 ||   124
